 Dungeon Crawl Stone Soup version 0.17-a0-1105-gbe8b664 (webtiles) character file.

320 Hanyuu the Insei (level 6, 0/38 HPs)
             Began as an Octopode Transmuter on May 22, 2015.
             Slain by a jackal (2 damage)
             ... on level 3 of the Dungeon.
             The game lasted 00:08:09 (2881 turns).

Hanyuu the Insei (Octopode Transmuter)              Turns: 2881, Time: 00:08:09

Health: 0/38       AC:  1    Str: 10    XL:     6   Next: 46%
Magic:  4/9        EV: 12    Int: 17    God:
Gold:   144        SH:  0    Dex: 12    Spells: 3 memorised, 3 levels left

rFire  . . .     SeeInvis .       - Unarmed
rCold  . . .     Clarity  .     (no shield)
rNeg   . . .     SustAb   .     (helmet restricted)
rPois  .         Gourm    .     (no amulet)
rElec  .         Spirit   .     (no ring)
rCorr  .         Warding  .     (no ring)
rMut   .         Stasis   .     (no ring)
MR     .....                    (no ring)
Stlth  ++........               (no ring)
                                (no ring)
                                (no ring)
                                (no ring)

@: appendage, very slightly contaminated, not resistant to hostile enchantments,
unstealthy
A: almost no armour, amphibious, 8 rings, constrict 8, tentacle spike 3,
camouflage 1, gelatinous body 1
a: End Transformation


You were on level 3 of the Dungeon.
You were not hungry.
One of your tentacles had a temporary spike.
You visited 1 branch of the dungeon, and saw 3 of its levels.

You collected 144 gold pieces.

Inventory:

Hand weapons
 a - a +0 hunting sling
Missiles
 j - 9 steel sling bullets
 m - 9 sling bullets
 q - 39 arrows
Scrolls
 d - a scroll of amnesia {unknown}
 i - a scroll of fear {unknown}
 k - 4 scrolls of identify {unknown}
 p - a scroll of teleportation {unknown}
 u - a scroll of enchant weapon {unknown}
 w - a scroll of random uselessness {unknown}
Potions
 e - a potion of resistance {unknown}
 g - a potion of cure mutation {unknown}
 h - a potion of curing {unknown}
 n - a potion of lignification {unknown}
 o - 2 potions of degeneration {unknown}
 r - a potion of poison {unknown}
 s - a potion of cancellation {unknown}
 t - a potion of heal wounds {unknown}
Books
 b - a book of Changes

   Spells                             Type                      Level
   a - Beastly Appendage              Transmutation                1
   b - Sticks to Snakes               Transmutation                2
   c - Spider Form                    Transmutation/Poison         3
   d - Ice Form                       Ice/Transmutation            4
   e - Blade Hands                    Transmutation                5
Comestibles
 c - 3 bread rations
 f - a meat ration
 l - a beef jerky
 v - 7 chunks of flesh


   Skills:
 - Level 1.0 Fighting
 - Level 2.0 Dodging
 + Level 6.5 Unarmed Combat
 - Level 2.0 Spellcasting
 + Level 3.2 Transmutations


You had 3 spell levels left.
You knew the following spells:

 Your Spells              Type           Power        Failure   Level  Hunger
a - Beastly Appendage     Trmt           ##....       6%          1    #......
b - Sticks to Snakes      Trmt           ##........   10%         2    ###....
c - Spider Form           Trmt/Pois      #.........   30%         3    ###....


Dungeon Overview and Level Annotations

Branches:
Dungeon (3/15)

Altars:


Innate Abilities, Weirdness & Mutations

You cannot wear most types of armour.
You are amphibious.
You can wear up to eight rings at the same time.
You can use your tentacles to constrict eight enemies at once.
Your skin changes colour to match your surroundings (Stealth).
Your rubbery body absorbs attacks (AC +1).
One of your tentacles bears a large vicious spike.


Message History

You tentacle-slap the jackal but do no damage.
You grab the jackal. You squeeze the jackal.
The jackal is heavily wounded.
You constrict the jackal. The jackal bites you.
* * * LOW HITPOINT WARNING * * *
The jackal barely misses you.
You tentacle-slap the jackal but do no damage.
You squeeze the jackal, but do no damage.
The jackal is almost dead.
You constrict the jackal.
You kill the jackal!
You closely miss the jackal. You grab the jackal. You constrict the jackal.
The jackal bites you.
* * * LOW HITPOINT WARNING * * *
You tentacle-slap the jackal.
You kill the jackal!
You closely miss the jackal. Your grab misses the jackal.
You pierce the jackal, but do no damage.
The jackal barely misses you. The jackal bites you.
You die...

#.# #..?........ #.#
#######........... #.#
.h................ #.#
..h............... #.#
.h.Kb....# ####### #.# #.#
#.# ###.##########
#####.#########.............
#..........@h...#.##########
#######.#######.#.# #.#
#.#.# #.# #.#.# #.# #.#.#
#.# #.#.# #.# #.#.# #.# #.#
#.#


You could see a jackal.

Vanquished Creatures
  The ghost of HEYYEYAAE the Ducker, an average OpFi of Gozag (D:3)
  A worker ant (D:3)
  7 gnolls (D:2)
  5 adders
  2 oozes
  2 worms (D:2)
  A giant gecko (D:2)
  3 ball pythons
  6 bats
  2 giant cockroaches
  4 hobgoblins
  5 jackals
  6 kobolds
  A giant newt (D:2)
  6 goblins
  9 rats
61 creatures vanquished.

Notes
Turn   | Place    | Note
--------------------------------------------------------------
     0 | D:1      | Hanyuu the Octopode Transmuter began the quest for the Orb.
     0 | D:1      | Reached XP level 1. HP: 13/13 MP: 3/3
    39 | D:1      | Reached XP level 2. HP: 2/18 MP: 5/5
   600 | D:1      | Learned a level 2 spell: Sticks to Snakes
   855 | D:1      | Reached skill level 4 in Unarmed Combat
  1251 | D:2      | Reached XP level 3. HP: 23/23 MP: 6/6
  1256 | D:2      | Learned a level 3 spell: Spider Form
  1429 | D:2      | Reached XP level 4. HP: 25/28 MP: 3/7
  1437 | D:2      | Reached skill level 5 in Unarmed Combat
  1768 | D:2      | Reached XP level 5. HP: 21/33 MP: 8/8
  2466 | D:3      | Reached skill level 6 in Unarmed Combat
  2853 | D:3      | Noticed HEYYEYAAE's ghost (average OpFi)
  2864 | D:3      | Killed HEYYEYAAE's ghost
  2864 | D:3      | Reached XP level 6. HP: 5/38 MP: 3/9
  2881 | D:3      | Slain by a jackal

Vault maps used:
D:1:      lightli_arrival_boilingwater
D:2:      first_bread

Action                   |  1- 3 |  4- 6 || total
-------------------------+-------+-------++-------
Melee: Unarmed           |    67 |   100 ||   167
 Cast: Sticks to Snakes  |     3 |       ||     3
       Beastly Appendage |     1 |     7 ||     8
       Spider Form       |     2 |     1 ||     3
 Stab: Sleeping          |     1 |     3 ||     4
  Eat: Chunk             |     2 |     5 ||     7
